General information
- name: BNet
- type: Ladder team game (AT/RT)
- host: Battle.net
- saver: BI-FCL_gldrbs
map: UpperKingdom
- players: 6
- length: 19:58
- speed: Fast
- version: 1.24 W3XP
- replay type: Public
» download(175 KB)
Players
team 1 (winner)
2xbackwrdzgldr (
blue | 111 APM | 2213 actions | 19:58)
4 Archmage
2 Summon Water Elemental
2 Brilliance Aura
4 Paladin
2 Holy Light
2 Divine Shield
» actions
| Assign group hotkey | 286 | |
| Basic commands | 25 | |
| Build / train | 92 | |
| Enter build submenu | 37 | |
| Enter hero's abilities submenu | 8 | |
| Remove unit from queue | 9 | |
| Right click | 900 | |
| Select / deselect | 425 | |
| Select group hotkey | 314 | |
| Use ability | 117 | |
2213 total
» units
» upgrades
| Masonry | 2 | |
| Plating | 3 | |
| Swords | 2 | |
| Lumber Harvesting | 1 | |
| Animal War Training | 1 | |
9 total
» buildings
| Altar of Kings | 1 | |
| Farm | 12 | |
| Lumber Mill | 1 | |
| Scout Tower | 15 | |
| Guard Tower | 14 | |
| Arcane Tower | 2 | |
| Keep | 2 | |
| Barracks | 6 | |
| Blacksmith | 1 | |
| Arcane Vault | 1 | |
| Castle | 2 | |
| Town Hall | 1 | |
58 total
» build order
00:01 Altar of Kings
00:03 Farm
00:41 Lumber Mill
01:24 Farm
03:49 Scout Tower
03:49 Scout Tower
03:49 Scout Tower
04:21 Guard Tower
04:21 Guard Tower
04:22 Guard Tower
04:22 Guard Tower
04:22 Guard Tower
05:06 Scout Tower
05:08 Scout Tower
05:09 Scout Tower
05:44 Guard Tower
06:06 Scout Tower
06:07 Scout Tower
06:09 Scout Tower
06:37 Arcane Tower
06:37 Arcane Tower
06:54 Scout Tower
06:56 Scout Tower
07:02 Farm
07:18 Guard Tower
07:47 Guard Tower
07:47 Guard Tower
08:23 Scout Tower
08:24 Scout Tower
08:38 Keep
08:44 Scout Tower
08:45 Scout Tower
08:57 Guard Tower
09:10 Barracks
09:12 Blacksmith
09:15 Guard Tower
09:15 Guard Tower
09:17 Farm
09:18 Farm
09:37 Guard Tower
10:08 Arcane Vault
10:32 Barracks
11:09 Castle
11:10 Castle
12:55 Farm
12:56 Farm
12:56 Farm
13:12 Town Hall
16:32 Farm
16:33 Farm
16:34 Farm
16:35 Farm
17:57 Barracks
17:58 Barracks
18:02 Barracks
18:03 Barracks
» items
BI-FCL_gldrbs (
green | 110 APM | 2199 actions | 19:58)
6 Keeper of the Grove
3 Force of Nature
2 Thorns Aura
1 Tranquility
» actions
| Assign group hotkey | 19 | |
| Basic commands | 80 | |
| Build / train | 80 | |
| ESC pressed | 3 | |
| Enter build submenu | 18 | |
| Enter hero's abilities submenu | 6 | |
| Right click | 1247 | |
| Select / deselect | 257 | |
| Select group hotkey | 436 | |
| Use ability | 53 | |
2199 total
» units
| Wisp | 38 | |
| Huntress | 10 | |
| Chimaera | 6 | |
54 total
» upgrades
| Strength of the Moon | 1 | |
| Ultravision | 1 | |
| Strength of the Wild | 3 | |
| Reinforced Hides | 2 | |
| Well Spring | 1 | |
| Nature's Blessing | 1 | |
| Corrosive Breath | 1 | |
10 total
» buildings
| Moon Well | 7 | |
| Tree of Life | 2 | |
| Hunter's Hall | 1 | |
| Altar of Elders | 1 | |
| Ancient of War | 2 | |
| Tree of Ages | 2 | |
| Tree of Eternity | 1 | |
| Ancient of Wind | 1 | |
| Ancient Protector | 2 | |
| Chimaera Roost | 2 | |
21 total
» build order
00:19 Moon Well
00:55 Tree of Life
01:25 Hunter's Hall
01:47 Altar of Elders
02:05 Ancient of War
02:24 Ancient of War
03:55 Moon Well
05:36 Moon Well
07:11 Tree of Ages
07:11 Tree of Ages
09:38 Tree of Eternity
09:42 Ancient of Wind
09:45 Ancient Protector
09:45 Ancient Protector
11:14 Moon Well
11:17 Moon Well
11:17 Moon Well
11:27 Tree of Life
12:07 Chimaera Roost
12:08 Chimaera Roost
12:41 Moon Well
» items
| Scroll of Regeneration | 3 | |
| Lesser Clarity Potion | 1 | |
| Scroll of Town Portal | 1 | |
| Potion of Healing | 1 | |
6 total
MyLiege_Cyrus (
teal | 117 APM | 2346 actions | 19:58)
6 Archmage
3 Summon Water Elemental
2 Brilliance Aura
1 Mass Teleport
4 Mountain King
2 Storm Bolt
2 Bash
» actions
| Assign group hotkey | 299 | |
| Basic commands | 67 | |
| Build / train | 86 | |
| Enter build submenu | 28 | |
| Enter hero's abilities submenu | 10 | |
| Give item / drop item | 1 | |
| Right click | 1068 | |
| Select / deselect | 397 | |
| Select group hotkey | 279 | |
| Use ability | 111 | |
2346 total
» units
| Peasant | 24 | |
| Sorceress | 8 | |
| Priest | 7 | |
| Spell Breaker | 8 | |
47 total
» upgrades
| Masonry | 2 | |
| Lumber Harvesting | 2 | |
| Sorceress Training | 2 | |
| Priest Training | 2 | |
| Control Magic | 1 | |
9 total
» buildings
| Altar of Kings | 1 | |
| Farm | 9 | |
| Lumber Mill | 1 | |
| Scout Tower | 10 | |
| Arcane Tower | 2 | |
| Guard Tower | 9 | |
| Keep | 4 | |
| Arcane Vault | 3 | |
| Castle | 1 | |
| Arcane Sanctum | 3 | |
| Town Hall | 1 | |
44 total
» build order
00:03 Altar of Kings
00:11 Farm
01:03 Farm
01:41 Lumber Mill
02:03 Farm
03:24 Scout Tower
03:51 Arcane Tower
03:52 Scout Tower
04:12 Scout Tower
04:21 Guard Tower
04:23 Scout Tower
04:42 Scout Tower
04:50 Guard Tower
04:51 Scout Tower
05:15 Arcane Tower
05:16 Scout Tower
05:43 Guard Tower
05:45 Keep
05:45 Keep
05:46 Keep
05:51 Guard Tower
05:51 Guard Tower
05:52 Guard Tower
06:16 Arcane Vault
06:19 Arcane Vault
06:33 Scout Tower
07:28 Scout Tower
07:29 Guard Tower
08:22 Castle
08:48 Arcane Sanctum
09:26 Guard Tower
09:28 Arcane Sanctum
09:49 Farm
09:53 Scout Tower
10:07 Farm
10:24 Guard Tower
11:05 Farm
12:02 Town Hall
12:14 Arcane Vault
14:10 Farm
16:04 Arcane Sanctum
17:56 Farm
17:57 Farm
» items
| Scroll of Town Portal | 1 | |
| Staff of Sanctuary | 1 | |
2 total
team 2 (loser)
Auren (
purple | 55 APM | 1100 actions | 19:53)
4 Priestess of the Moon
2 Searing Arrows
2 Trueshot Aura
1 Keeper of the Grove
1 Entangling Roots
» actions
| Assign group hotkey | 19 | |
| Basic commands | 8 | |
| Build / train | 41 | |
| Enter build submenu | 26 | |
| Enter hero's abilities submenu | 5 | |
| Remove unit from queue | 1 | |
| Right click | 629 | |
| Select / deselect | 207 | |
| Select group hotkey | 119 | |
| Use ability | 45 | |
1100 total
» units
| Wisp | 21 | |
| Hippogryph | 2 | |
| Druid of the Talon | 4 | |
| Faerie Dragon | 2 | |
29 total
» upgrades
| Druid of the Talon Training | 1 | |
1 total
» buildings
| Altar of Elders | 2 | |
| Moon Well | 7 | |
| Hunter's Hall | 2 | |
| Ancient of War | 2 | |
| Tree of Life | 2 | |
| Tree of Ages | 1 | |
| Ancient of Wind | 3 | |
| Tree of Eternity | 1 | |
| Ancient Protector | 3 | |
| Ancient of Wonders | 1 | |
24 total
» build order
00:07 Altar of Elders
00:16 Moon Well
01:48 Hunter's Hall
01:51 Ancient of War
02:21 Moon Well
02:24 Ancient of War
06:34 Tree of Life
06:38 Moon Well
06:51 Tree of Life
10:54 Moon Well
10:57 Moon Well
11:00 Altar of Elders
12:23 Tree of Ages
12:24 Moon Well
12:26 Moon Well
12:31 Hunter's Hall
14:54 Ancient of Wind
14:55 Ancient of Wind
14:59 Tree of Eternity
15:44 Ancient Protector
15:45 Ancient Protector
15:47 Ancient Protector
16:04 Ancient of Wonders
17:26 Ancient of Wind
» items
FaceRoll.MacRO (
pink | 82 APM | 1640 actions | 19:57)
5 Tauren Chieftain
3 Shockwave
2 Endurance Aura
» actions
| Assign group hotkey | 71 | |
| Basic commands | 62 | |
| Build / train | 65 | |
| ESC pressed | 1 | |
| Enter build submenu | 16 | |
| Enter hero's abilities submenu | 5 | |
| Remove unit from queue | 3 | |
| Right click | 922 | |
| Select / deselect | 324 | |
| Select group hotkey | 121 | |
| Use ability | 50 | |
1640 total
» units
| Peon | 13 | |
| Troll Headhunter/Berserker | 18 | |
| Troll Witch Doctor | 4 | |
35 total
» upgrades
| Ranged Weapons | 2 | |
| Armor | 1 | |
| Troll Regeneration | 1 | |
| Berserker Upgrade | 1 | |
| Witch Doctor Training | 2 | |
7 total
» buildings
| Orc Burrow | 5 | |
| War Mill | 1 | |
| Barracks | 2 | |
| Altar of Storms | 1 | |
| Voodoo Lounge | 1 | |
| Watch Tower | 4 | |
| Stronghold | 4 | |
| Fortress | 1 | |
| Spirit Lodge | 2 | |
21 total
» build order
00:19 Orc Burrow
00:36 War Mill
00:50 Barracks
01:07 Altar of Storms
01:51 Orc Burrow
02:37 Orc Burrow
02:43 Voodoo Lounge
03:03 Barracks
05:26 Watch Tower
05:30 Orc Burrow
06:55 Stronghold
06:55 Stronghold
06:56 Stronghold
07:02 Watch Tower
07:14 Watch Tower
07:28 Watch Tower
10:13 Fortress
12:34 Spirit Lodge
13:04 Orc Burrow
16:33 Spirit Lodge
» items
| Healing Salve | 2 | |
| Lesser Clarity Potion | 3 | |
| Scroll of Speed | 2 | |
| Scroll of Town Portal | 1 | |
| Potion of Healing | 1 | |
9 total
UsEleSs.MiCrO_ (
red | 131 APM | 2617 actions | 19:54)
3 Death Knight
2 Death Coil
1 Unholy Aura
2 Lich
1 Frost Nova
1 Frost Armor
» actions
| Assign group hotkey | 30 | |
| Basic commands | 136 | |
| Build / train | 52 | |
| Enter build submenu | 14 | |
| Enter hero's abilities submenu | 6 | |
| Remove unit from queue | 2 | |
| Right click | 1257 | |
| Select / deselect | 348 | |
| Select group hotkey | 703 | |
| Use ability | 67 | |
2617 total
» units
| Acolyte | 2 | |
| Ghoul | 4 | |
| Crypt Fiend | 15 | |
| Obsidian Statue | 2 | |
| Abomination | 2 | |
25 total
» upgrades
| Burrow | 1 | |
| Web | 1 | |
| Creature Attack | 1 | |
| Disease Cloud | 1 | |
| Ghoul Frenzy | 1 | |
| Unholy Armor | 1 | |
6 total
» buildings
| Graveyard | 1 | |
| Crypt | 1 | |
| Altar of Darkness | 1 | |
| Ziggurat | 7 | |
| Tomb of Relics | 1 | |
| Halls of the Dead | 2 | |
| Nerubian Tower | 2 | |
| Slaughterhouse | 1 | |
| Spirit Tower | 1 | |
| Black Citadel | 4 | |
| Sacrificial Pit | 1 | |
22 total
» build order
00:17 Graveyard
00:22 Crypt
00:42 Altar of Darkness
00:48 Ziggurat
01:08 Tomb of Relics
01:52 Ziggurat
05:55 Halls of the Dead
05:55 Halls of the Dead
06:43 Ziggurat
07:00 Ziggurat
07:02 Ziggurat
07:05 Nerubian Tower
08:26 Slaughterhouse
08:48 Spirit Tower
08:49 Nerubian Tower
10:58 Black Citadel
10:58 Black Citadel
10:58 Black Citadel
14:03 Ziggurat
15:53 Sacrificial Pit
16:28 Ziggurat
» items
Chat log
(17:11 / All) MyLiege_Cyrus: I think next time play better
(19:51 / All) Auren: gg
(19:53 / All) 2xbackwrdzgldr: G